 Dungeon Crawl Stone Soup version 0.30-a0-571-gdf30a72648 (webtiles) character file.

Game seed: 13317770211149547294

2087 jfcaron the Placeless Cat (level 9, -12/37 HPs)
             Began as a Felid Transmuter on Dec 30, 2022.
             Was a Follower of Yredelemnul.
             Killed from afar by a steam dragon (25 damage)
             ... with a ball of steam
             ... on level 9 of the Dungeon.
             The game lasted 00:52:24 (10630 turns).

jfcaron the Placeless Cat (Felid Transmuter)       Turns: 10630, Time: 00:52:25

Health: -12/37     AC:  2    Str: 10    XL:     9   Next: 6%
Magic:  3/17       EV: 19    Int: 24    God:    Yredelemnul [*.....]
Gold:   52         SH:  0    Dex: 18    Spells: 6/18 levels left
                                        Lives:  0   Deaths: 3

rFire   . . .      SeeInvis +      - Unarmed
rCold   . . .      Faith    .    (shield unavailable)
rNeg    + . .      Spirit   .    (body armour unavailable)
rPois   +          Reflect  .    (helmet unavailable)
rElec   .          Harm     .    (cloak unavailable)
rCorr   .          Rampage  .    (gloves unavailable)
Will    +....                    (boots unavailable)
Stlth   ++                       l - amulet of the Duchess {rN+ Regen+}
HPRegen 1.06/turn                w - ring of Youthful Indiscretion {Str+4 Int+6}
MPRegen 0.15/turn                b - ring of poison resistance

@: appendages, quick
A: horns 2, very small, claws 1, fangs 3, see invisible, speed 1, shaggy fur 2,
stealthy paws, no weapons or thrown items, no armour, multi-lived
a: End Transformation, Renounce Religion, Recall Undead Harvest


You were on level 9 of the Dungeon.
You worshipped Yredelemnul.
Yredelemnul was noncommittal.
You had temporarily grown beastly horns.
You visited 1 branch of the dungeon, and saw 9 of its levels.
You also visited: Ossuary and Bailey.

You collected 492 gold pieces.
You spent 440 gold pieces at shops.

Inventory:

Jewellery
 b - a ring of poison resistance (right paw)
 l - the amulet of the Duchess (around neck) {rN+ Regen+}
   (You found it on level 4 of the Dungeon)

   [amulet of regeneration]

   rN:        It protects you from negative energy.
   Regen:     It increases your rate of health regeneration.
 r - a ring of wizardry
   (You found it on level 3 of the Dungeon)
 s - a +5 ring of evasion
   (You bought it in a shop on level 5 of the Dungeon)
 t - a ring of fire
   (You found it on level 3 of the Dungeon)
 w - the ring of Youthful Indiscretion (left paw) {Str+4 Int+6}
   (You acquired it in a bailey)

   [ring of intelligence]

   Str:       It affects your strength (+4).
   Int:       It affects your intelligence (+6).
 H - a ring of protection from cold
   (You found it on level 9 of the Dungeon)
Wands
 e - a wand of charming (1)
 u - a wand of digging (6)
   (You found it on level 3 of the Dungeon)
 A - a wand of mindburst (10)
 F - a wand of flame (29)
Scrolls
 g - 4 scrolls of fog
 h - 2 scrolls of fear
 n - 2 scrolls of torment {unknown}
 o - 3 scrolls of blinking
 q - a scroll of silence
 y - a scroll of poison
 z - 2 scrolls of enchant weapon {unknown}
 C - a scroll of amnesia {unknown}
 D - a scroll of magic mapping
Potions
 a - 6 potions of lignification
 c - 5 potions of flight
 d - 2 potions of brilliance
 f - 5 potions of curing
 i - 3 potions of might
 j - 3 potions of mutation
 k - a potion of cancellation {unknown}
 m - a potion of invisibility {unknown}
 p - 3 potions of heal wounds
 v - 2 potions of magic
 x - 2 potions of haste {unknown}
 B - 3 potions of attraction {unknown}
 E - a potion of degeneration {unknown}
 G - 2 potions of resistance {unknown}


   Skills:
 - Level 3.0 Fighting
 - Level 5.0 Dodging
 - Level 3.0 Stealth
 - Level 5.0 Unarmed Combat
 - Level 5.0 Spellcasting
 - Level 10.0 Translocations
 + Level 8.1 Transmutations
 * Level 8.5 Air Magic
 - Level 1.3 Poison Magic
 - Level 2.0 Evocations


You had 6 spell levels left.
You knew the following spells:

 Your Spells              Type           Power      Damage    Failure   Level
a - Beastly Appendage     Tmut           90%        N/A       1%          1
b - Wereblood             Tmut           45%        N/A       1%          2
c - Spider Form           Tmut/Pois      28%        N/A       3%          3
d - Blink                 Tloc           100%       N/A       1%          2
e - Manifold Assault      Tloc           52%        N/A       1%          4

Your spell library contained the following spells:

 Spells                   Type           Power      Damage    Failure   Level
 Slow                     Hex            24%        N/A       9%          1
 Ice Form                 Ice/Tmut       25%        N/A       17%         4
 Confusing Touch          Hex            6%         N/A       26%         3
 Vampiric Draining        Necr           6%         2d6       26%         3
 Storm Form               Tmut/Air       23%        N/A       94%         7


Dungeon Overview and Level Annotations

Branches:
Dungeon (9/15)             Temple (0/1) D:6         Ossuary (visited)
 Bailey (visited)
   Lair: D:8-11         Orc: D:9-12

Altars:
Cheibriados
Fedhas
Hepliaklqana
Vehumet
Yredelemnul

Shops:
D:5 *   D:8 *

Annotations:
D:4 Grinder


Innate Abilities, Weirdness & Mutations

You have temporarily grown beastly horns.
You have sharp claws.
You have razor-sharp teeth.
You have supernaturally acute eyesight. (SInv)
You cover ground quickly. (Speed+)
You are covered in thick fur. (AC +2)
Your paws help you pounce on unaware monsters.
You are incapable of wielding weapons or throwing items.
You cannot wear armour.
You gain extra lives every three experience levels.


Message History

* * * LOW HITPOINT WARNING * * *
The kobold brigand hits your bullfrog zombie with a +0 short sword.
Your killer bee zombie hits the kobold.
The kobold dies!
The kobold hits your kobold zombie with a +0 club.
The kobold brigand hits your bullfrog zombie with a +0 short sword!
Your kobold zombie hits the kobold.
Your bullfrog zombie hits the kobold brigand but does no damage.
You see here a +0 short sword.
Casting: Manifold Assault (dangerous; 1% risk of failure)
Confirm with . or Enter, or press ? or * to list all spells.
Space momentarily warps into an impossible shape!
You barely miss the kobold. You barely miss the steam dragon.
Your bullfrog zombie closely misses the kobold brigand.
The kobold hits your kobold zombie with a +0 club.
Your kobold zombie is destroyed!
The kobold brigand hits your bullfrog zombie with a +0 short sword.
The kobold hits your killer bee zombie with a +0 short sword.
Your killer bee zombie is destroyed!
You can no longer trade souls for undead servants.
Your bullfrog zombie barely misses the kobold brigand.
The kobold brigand throws a poisoned dart.
The poisoned dart barely misses you.
Your bullfrog zombie barely misses the kobold brigand.
The kobold barely misses your bullfrog zombie.
The kobold brigand throws a poisoned dart.
The poisoned dart barely misses you.
Your bullfrog zombie completely misses the kobold brigand.
Your bullfrog zombie closely misses the kobold brigand.
Your bullfrog zombie hits the kobold.
The kobold hits your bullfrog zombie with a +0 club.
Your troll zombie bites the steam dragon.
Your troll zombie barely misses the steam dragon.
Your troll zombie closely misses the steam dragon.
Something hits your bullfrog zombie. The steam dragon breathes steam at you.
The ball of steam hits you!!
Ouch! That really hurt!
You die...
Your body rises from the dead as a mindless zombie.

.. # #.....#.# #.# #.#.#.#...[ #
#.# #..=#...### #.
#.#######......### #.#####..
..#...##.#.... #.......###...##
#.##### #............# #.# .
#...........# #.# ..
#....§@.#..## #.# ...
#..§§..##..# #.#
.)..######.§....##..# #.#####
.......K.DZ....###..######......
#.....K)K.....# #..##.......###
#....).Z)..$..# #Z..+.......#
##.#######....# #.###.......#
.....# #.# #.......# ..##### #.#
#.......#


You could see a kobold brigand, a friendly bullfrog zombie and a friendly troll
zombie.

Vanquished Creatures
  An orc high priest (Bailey)
  3 orc knights (Bailey)
  A kobold demonologist (Bailey)
  Maggie (D:7)
  3 trolls
  A hornet (D:8)
  Sigmund (D:5)
  Menkaure (D:4)
  The ghost of olddryhag the Insei, an amateur OpTm (D:4)
  2 water moccasins (D:7)
  9 orc warriors
  A black bear (D:6)
  A hornet zombie (D:4)
  A centaur (D:6)
  3 bullfrogs
  An elf zombie (Ossuary)
  Blork the orc (D:5)
  A necrophage (D:5)
  2 scorpions
  4 wights
  8 killer bees
  2 howler monkeys
  2 electric eels (Bailey)
  4 centaur zombies (Ossuary)
  2 bullfrog zombies
  4 hounds
  6 jellies
  A gnoll bouda (D:8)
  2 orc priests (D:7)
  2 iguanas
  An orc wizard (D:7)
  3 killer bee zombies
  2 hound zombies (Ossuary)
  3 mummies (Ossuary)
  7 gnolls
  12 adders
  A shadow imp (D:5)
  A white imp (D:7)
  3 ufetubi
  3 adder zombies (Ossuary)
  A worm (D:3)
  2 dart slugs
  20 orcs
  7 ball pythons
  4 bats
  3 endoplasms (D:1)
  4 giant cockroaches
  19 goblins
  16 hobgoblins
  10 kobolds
  9 quokkas
  7 frilled lizards
  2 goblin zombies (Ossuary)
  3 hobgoblin zombies (Ossuary)
  2 jackal zombies (Ossuary)
  7 kobold zombies
  13 orc zombies
  2 quokka zombies (Ossuary)
  9 rats
  5 rat zombies (Ossuary)
  3 plants (D:6)
256 creatures vanquished.

Notes
Turn   | Place    | Note
-------+----------+-------------------------------------------
     0 | D:1      | jfcaron the Felid Transmuter began the quest for the Orb.
     0 | D:1      | Reached XP level 1. HP: 9/9 MP: 4/4
   155 | D:1      | Reached XP level 2. HP: 12/12 MP: 4/6
   158 | D:1      | Learned a level 2 spell: Wereblood
   232 | D:1      | HP: 2/12 [hobgoblin (5)]
   848 | D:1      | Reached XP level 3. HP: 15/15 MP: 5/7
   852 | D:1      | Learned a level 3 spell: Spider Form
  1502 | D:2      | Found a basalt altar of Yredelemnul.
  2022 | D:3      | Found the +5 robe of Misfortune {Harm *Corrode *Slow EV+5}
  2158 | D:3      | Reached XP level 4. HP: 19/19 MP: 6/8
  2396 | D:3      | Reached skill level 1 in Stealth
  3212 | D:4      | Reached skill level 1 in Poison Magic
  3360 | D:4      | Found a hazy altar of Hepliaklqana.
  3378 | D:4      | Noticed Menkaure
  3388 | D:4      | Killed Menkaure
  3389 | D:4      | Reached skill level 1 in Evocations
  3389 | D:4      | Reached XP level 5. HP: 16/22 MP: 7/9
  3407 | D:4      | jfcaron: ??sif muna
  3407 | D:4      | beem: sif muna[1/4]: God of magic and knowledge: 1*:
                  | {channel magic}, 3*: {amnesia}, 4*: {divine exegesis}, 5*:
                  | book gifts (see {book acquirement}). Piety is gained from
                  | kills.
  3407 | D:4      | jfcaron: ??channel magic
  3407 | D:4      | beem: channel magic[1/1]: A 3* Sif Muna ability new to
                  | 0.19, gives a big boost to MP regeneration for a duration
                  | of 4 + random2avg(2 * INVOCATIONS / 3)
  3523 | D:4      | Learned a level 2 spell: Blink
  3632 | D:4      | Found a runed translucent gate.
  3632 | D:4      | Found a runed translucent gate.
  3632 | D:4      | Found a runed translucent gate.
  3641 | D:4      | Noticed olddryhag's ghost (amateur OpTm)
  3686 | D:4      | Identified the amulet of the Duchess {rN+ Regen+}
  3705 | D:4      | Noticed Grinder
  4033 | D:5      | Entered Level 5 of the Dungeon
  4035 | D:5      | Gained mutation: You are covered in thick fur. (AC +2)
                  | [Felid growth]
  4035 | D:5      | Reached XP level 6. HP: 27/27 MP: 10/10
  4060 | D:5      | Noticed Sigmund
  4064 | D:5      | Killed Sigmund
  4065 | D:5      | Reached skill level 1 in Translocations
  4068 | D:5      | Noticed Blork the orc
  4081 | D:5      | Killed Blork the orc
  4082 | D:5      | Reached XP level 7. HP: 19/30 MP: 11/11
  4084 | D:5      | Reached skill level 1 in Air Magic
  4142 | D:5      | Reached skill level 2 in Translocations
  4168 | D:5      | Found a sand-covered staircase.
  4177 | Ossuary  | Entered an ossuary
  4312 | Ossuary  | Reached skill level 5 in Unarmed Combat
  4519 | Ossuary  | Reached skill level 3 in Translocations
  4557 | Ossuary  | Learned a level 4 spell: Manifold Assault
  4574 | Ossuary  | Reached skill level 5 in Dodging
  4760 | D:5      | Noticed a troll
  4771 | D:5      | Found Ruyqyantun's Assorted Antiques.
  4964 | D:5      | Reached XP level 8. HP: 24/34 MP: 13/13
  5319 | D:5      | Reached skill level 4 in Translocations
  5824 | D:6      | You fall into a shaft and drop 2 floors!
  5835 | D:8      | Found a flagged portal.
  5856 | Bailey   | Entered a bailey
  5990 | Bailey   | Acquired the ring of Youthful Indiscretion {Str+4 Int+6}
  6000 | Bailey   | Reached skill level 5 in Translocations
  6001 | Bailey   | Noticed an orc knight
  6022 | Bailey   | Noticed an orc knight
  6059 | Bailey   | Killed an orc knight
  6060 | Bailey   | Reached skill level 6 in Translocations
  6060 | Bailey   | Reached skill level 5 in Transmutations
  6194 | Bailey   | Noticed an orc knight
  6231 | Bailey   | Killed an orc knight
  6232 | Bailey   | Reached skill level 7 in Translocations
  6232 | Bailey   | Reached XP level 9. HP: 25/37 MP: 6/16
  6433 | Bailey   | Noticed an orc high priest
  6448 | Bailey   | Found an iron altar of Okawaru.
  6453 | Bailey   | Noticed a kobold demonologist
  6469 | Bailey   | Noticed a sun demon
  6469 | Bailey   | Noticed a rust devil
  6469 | Bailey   | Noticed a red devil
  6480 | Bailey   | Mangled by a sun demon
  6481 | Bailey   | Reached XP level 8. HP: -7/34 MP: 10/15
  6487 | Bailey   | Killed a kobold demonologist
  6488 | Bailey   | Reached skill level 8 in Translocations
  6488 | Bailey   | Reached skill level 5 in Air Magic
  6506 | Bailey   | HP: 2/34 [barbs]
  6510 | Bailey   | Noticed a hellwing
  6511 | Bailey   | Killed an orc high priest
  6512 | Bailey   | Reached skill level 9 in Translocations
  6720 | D:8      | Reached XP level 9. HP: 31/37 MP: 15/17
  6730 | D:7      | Noticed Maggie
  6806 | D:7      | Reached skill level 5 in Spellcasting
  7122 | D:6      | HP: 7/37 [adder (4)]
  7261 | D:5      | Bought a wand of charming (3) for 165 gold pieces
  7261 | D:5      | Bought a potion of curing for 69 gold pieces
  7261 | D:5      | Bought a runed silver ring for 115 gold pieces
  7389 | D:6      | Found a snail-covered altar of Cheibriados.
  7481 | D:2      | Became a worshipper of Yredelemnul the Dark
  7543 | D:4      | Killed olddryhag's ghost
  7556 | D:4      | Reached skill level 10 in Translocations
  7658 | D:5      | HP: 7/37 [troll (10)]
  7703 | D:5      | Killed a troll
  7703 | D:5      | Reached * piety under Yredelemnul
  8066 | D:6      | Found a staircase to the Ecumenical Temple.
  8372 | D:6      | Found a radiant altar of Vehumet.
  8971 | D:7      | Reached ** piety under Yredelemnul
  8998 | D:7      | Killed Maggie
  8999 | D:7      | Reached XP level 10. HP: 27/42 MP: 6/18
  9097 | D:7      | HP: 6/42 [orc warrior/+0 flail (16)]
  9098 | D:7      | Killed from afar by an orc priest
  9099 | D:7      | Reached XP level 9. HP: 0/37 MP: 17/17
  9535 | D:8      | Found Gastovuk's Assorted Antiques.
  9612 | D:8      | Bought 2 metallic golden potions for 43 gold pieces
  9612 | D:8      | Bought a scroll labelled LYNUXYREBB for 24 gold pieces
  9612 | D:8      | Bought a scroll labelled YZXUMI COEC for 24 gold pieces
  9676 | D:8      | Noticed a troll
  9709 | D:8      | Slain by a troll
  9710 | D:8      | Reached XP level 8. HP: -2/34 MP: 7/16
  9716 | D:8      | Killed a troll
  9881 | D:8      | Found a blossoming altar of Fedhas.
 10409 | D:9      | Noticed a troll
 10438 | D:9      | Killed a troll
 10536 | D:9      | Reached XP level 9. HP: 22/37 MP: 14/17
 10621 | D:9      | HP: 7/37 [steam dragon] (10)]
 10630 | D:9      | Killed from afar by a steam dragon

Illustrated notes

Levels and vault maps discovered:
D:1:      dpeg_arrival_long_road, layout_basic, minmay_vboxes
D:2:      layout_basic, basic_altar
D:3:      layout_loops_corners
D:4:      layout_loops_ring, lemuel_crystal_altar, gammafunk_ghost_necromancy,
          uniq_menkaure, uniq_grinder
D:5:      layout_cave_pods, serial_shops, shop_statue, enter_ossuary_1,
          grunt_ministairs_13, uniq_blork_the_orc, uniq_sigmund
D:6:      layout_layer_cave, nicolae_vehumet_altar_sigil,
          kennysheep_slug_shrine, minmay_temple_entry_gardened_gates
D:7:      layout_basic, uniq_maggie
D:8:      layout_loops_ring, lemuel_doored_altar, enter_bailey_5, serial_shops,
          nicolae_inconvenience_store
D:9:      layout_basic, lemuel_coloured_pillars_altar, nicolae_ru_awakened_eye,
          david_orc_4, david_defended_altar_orc

Skill      XL: |  1  2  3  4  5  6  7  8  9 |
---------------+----------------------------+-----
Dodging        | 3 4 5 |  5.0
Stealth        | 2 3 |  3.0
Fighting       | 2 3 |  3.0
Poison Magic   | 1 |  1.3
Transmutations | 3 4 8 7 |  8.1
Unarmed Combat | 4 5 |  5.0
Evocations     | 1 2 |  2.0
Translocations | 1 3 9 10 | 10.0
Air Magic      | 2 8 7 |  8.5
Spellcasting   | 3 4 5 |  5.0

Action                   |  1- 3 |  4- 6 |  7- 9 | 10-12 || total
-------------------------+-------+-------+-------+-------++-------
Melee: Unarmed           |   125 |    70 |   544 |    15 ||   754
       Headbutt          |    12 |     6 |   110 |     2 ||   130
       Bite              |     7 |    10 |    50 |     1 ||    68
       Punch             |     2 |     4 |    27 |       ||    33
 Cast: Beastly Appendage |    35 |    14 |    66 |     1 ||   116
       Wereblood         |     1 |     1 |     3 |     1 ||     6
       Manifold Assault  |       |       |    25 |       ||    25
       Spider Form       |       |       |    12 |       ||    12
       Blink             |       |       |     3 |       ||     3
Invok: Recall Undead Har |       |       |     1 |       ||     1
 Abil: End Transformatio |       |       |     4 |       ||     4
Evoke: Wand              |       |     6 |    27 |       ||    33
  Use: Scroll            |       |    11 |     6 |       ||    17
       Potion            |       |     1 |     5 |       ||     6
 Stab: Sleeping          |     4 |     4 |    16 |       ||    24
       Distracted        |       |       |     1 |       ||     1
Armor: Skin              |     7 |     4 |    39 |     1 ||    51
Dodge: Dodged            |    73 |    55 |   489 |    12 ||   629

Table legend: (Time is in decaauts)
 A = Elapsed time spent in this place.
 B = Non-inter-level travel time spent in this place.
 C = Inter-level travel time spent in this place.
 D = Time resting spent in this place.
 E = Time spent auto-exploring this place.
 F = Levels seen in this place.
 G = Mean time per level.
                   A        B        C        D        E       F      G
               +--------+--------+--------+--------+--------+-----+--------+
         Total |   9737 |   8858 |    879 |   1069 |   4873 |  11 |  885.2 |
       Dungeon |   8490 |   7611 |    879 |    842 |   4749 |   9 |  943.3 |
       Ossuary |    504 |    504 |      0 |    126 |      0 |   1 |  504.0 |
        Bailey |    743 |    743 |      0 |    100 |    124 |   1 |  743.0 |
               +--------+--------+--------+--------+--------+-----+--------+

Top non-repeatable levels by time:
     D:5: 1315 daAuts
     D:7: 1117 daAuts
     D:6: 1116 daAuts
     D:3: 984 daAuts
     D:8: 969 daAuts
     D:1: 931 daAuts
     D:4: 889 daAuts
     D:2: 816 daAuts
  Bailey: 743 daAuts
 Ossuary: 504 daAuts
     D:9: 350 daAuts

Table legend:
 A = Kills in this place as a percentage of kills in entire the game.
 B = Kills by you in this place as a percentage of kills by you in the entire game.
 C = Kills by friends in this place as a percentage of kills by friends in the entire game.
 D = Other kills in this place as a percentage of other kills in the entire game.
 E = Experience gained in this place as a percentage of experience gained in the entire game.
 F = Experience gained in this place divided by the number of levels of this place that you have seen.
                   A       B       C       D       E      F
               +-------+-------+-------+-------+-------+----------------------
         Total | 100.0 | 100.0 | 100.0 | 100.0 | 100.0 | 812.7
       Dungeon |  69.4 |  72.4 |  45.5 |  33.3 |  64.0 | 635.4
       Ossuary |  15.7 |  17.6 |   0.0 |   0.0 |   4.7 | 416.0
        Bailey |  14.9 |  10.0 |  54.5 |  66.7 |  31.4 | 2805.0
               +-------+-------+-------+-------+-------+----------------------
